 Dungeon Crawl Stone Soup version 0.21-a0-133-gf55ed5b (webtiles) character file.

159 4thArraOfDagon the Covered (level 5, 2/41 HPs)
             Began as a Gnoll Wanderer on July 17, 2017.
             Quit the game on level 4 of the Dungeon.
             The game lasted 00:06:48 (1594 turns).

4thArraOfDagon the Covered (Gnoll Wanderer)         Turns: 1594, Time: 00:06:49

Health: 2/41       AC: 12    Str:  7    XL:     5   Next: 40%
Magic:  1/6        EV:  8    Int:  7    God:
Gold:   256        SH:  0    Dex:  7    Spells: 4/4 levels left

rFire    . . .     SeeInvis +   b - +0 falchion
rCold    . . .     Gourm    .   (no shield)
rNeg     . . .     Faith    .   a - +2 scale mail
rPois    .         Spirit   +   k - +2 helmet
rElec    .         Reflect  .   (no cloak)
rCorr    .         Harm     .   (no gloves)
MR       .....                  (no boots)
Stlth    ..........             h - amulet of guardian spirit
HPRegen  0.13/turn              g - ring of see invisible
MPRegen  0.10/turn              (no ring)

@: no status effects
A: unchanging attributes, fangs 1, strong nose
a: no special abilities


You were on level 4 of the Dungeon.
You were hungry.

You visited 1 branch of the dungeon, and saw 7 of its levels.

You collected 256 gold pieces.

Inventory:

Hand Weapons
 b - a +0 falchion (weapon)
Armour
 a - a +2 scale mail (worn)
 k - a +2 helmet (worn)
 n - a cursed -1 ring mail
Jewellery
 g - a ring of see invisible (left hand)
 h - an amulet of guardian spirit (around neck)
Scrolls
 c - 4 scrolls of teleportation
 i - a scroll of identify
Potions
 e - a potion of degeneration
 o - a potion of magic
 q - a potion of mutation
Books
 p - a book of Maledictions

   Spells                             Type                      Level
   a - Corona                         Hexes                        1
   b - Ensorcelled Hibernation        Hexes/Ice                    2
   c - Confuse                        Hexes                        3
   d - Tukima's Dance                 Hexes                        3
   e - Dazzling Spray                 Conjuration/Hexes            3
Comestibles
 d - 2 bread rations
 l - 3 fruits
 m - a royal jelly


   Skills:
 + Level 3.2 Fighting
 + Level 3.2 Long Blades
   Level 1.3 Crossbows
 - Level 2.0 Throwing
 + Level 6.2 Armour
 + Level 3.2 Dodging
 - Level 1.2 Stealth
   Level 1.3 Evocations


You had 4 spell levels left.
You didn't know any spells.

Dungeon Overview and Level Annotations

Branches:
Dungeon (7/15)
 Temple: D:4-7

Altars:
Gozag
Nemelex Xobeh
Zin


Innate Abilities, Weirdness & Mutations

Your physical attributes are unchanging.
You have very sharp teeth.
Your uncanny sense of smell can sniff out nearby items.


Message History

* * * LOW HITPOINT WARNING * * *
The iguana bites you but does no damage.
Unknown command.
You barely miss the iguana. You bite the iguana, but do no damage.
The iguana is heavily wounded.
The iguana barely misses you.
You riposte.
You hit the iguana.
The iguana is heavily wounded.
Your scale mail prevents you from hitting the iguana.
You bite the iguana, but do no damage.
The iguana is heavily wounded.
The iguana bites you but does no damage.
Unknown command.
Your scale mail prevents you from hitting the iguana.
The iguana is heavily wounded.
The iguana bites you but does no damage.
Unknown command.
Unknown command.
Unknown command.
Unknown command.
Are you sure you want to abandon this character and quit the game? (Confirm with "yes".)

#.......##...# #.......##...##
#<............# #.......##....#
#.......##....#
############.##....# #.#.
#......# #.#####.# #.#.
##......#####.# #.# #...
.......@l.....# #.#
....##############'##### #.#
#.......... #.....##### #.#
.........# #.......#..###.#
#.......# #._.$._.#......#
#.......# ###..$$$..##.#####
#...#'####.#.#########......#
#...#......#.#.#....#†#.###....
#.(<########.#.#..[.#.#.## ..


You could see an iguana.

Vanquished Creatures
  A scorpion (D:4)
  A hound (D:5)
  3 adders
  2 dart slugs
  2 leopard geckos
  A ball python (D:3)
  2 bats
  3 giant cockroaches
  2 goblins
  4 hobgoblins (D:2)
  14 jackals
  3 kobolds
  A quokka (D:2)
  A frilled lizard (D:2)
  A rat (D:2)
41 creatures vanquished.

Notes
Turn   | Place    | Note
-------+----------+-------------------------------------------
     0 | D:1      | 4thArraOfDagon the Gnoll Wanderer began the quest for the Orb.
     0 | D:1      | 4thArraOfDagon set off with: a +2 scale mail, a +0 falchion, a scroll of teleportation, a bread ration
     0 | D:1      | Reached XP level 1. HP: 15/15 MP: 2/2
    89 | D:1      | Reached skill level 1 in Dodging
    89 | D:1      | Reached XP level 2. HP: 21/21 MP: 3/3
   356 | D:2      | Reached XP level 3. HP: 24/27 MP: 2/4
   653 | D:2      | Reached XP level 4. HP: 27/34 MP: 3/5
   886 | D:4      | You fall through a shaft for 3 floors!
   887 | D:7      | :O
   934 | D:5      | Entered Level 5 of the Dungeon
  1026 | D:5      | Noticed a hippogriff
  1119 | D:5      | Noticed an ogre
  1230 | D:5      | Reached skill level 6 in Armour
  1446 | D:4      | Found a sparkling altar of Nemelex Xobeh.
  1505 | D:4      | Reached XP level 5. HP: 27/41 MP: 4/6
  1565 | D:4      | Found an opulent altar of Gozag.
  1566 | D:4      | Found a glowing silver altar of Zin.
  1587 | D:4      | LOL
  1587 | D:4      | 4thArraOfDagon: cant kill anything
  1590 | D:4      | HP: 1/41 [iguana (5)]
  1594 | D:4      | Quit the game

Vault maps used:
D:1:      scummos_arrival_star
D:2:      first_bread
D:3:      grunt_temple_overflow_lords_of_destruction, minmay_shallow_snake_nest
D:4:      grunt_temple_overflow_gold_and_silver, nemelex_altar_shiori,
          serial_shops, shop_fountains
D:5:      enter_ossuary_5, minmay_strange_pillars, nemelex_dance_club_becter
D:6:      tgw_fedhas
D:7:      lemuel_coloured_pillars_altar, minmay_temple_entry_overgrown,
          serial_shops, shop, nicolae_shop_temple_entry_statues_fountains, shop,
          nicolae_shop_trees, shop, the_bakery

Skill      XL: |  1  2  3  4 |
---------------+-------------+-----
Dodging        | 1 2 3 |  3.2
Throwing       | 2 |  2.0
Fighting       | 2 3 |  3.2
Long Blades    | 2 3 |  3.2
Armour         | 6 |  6.2
Crossbows      | |  1.3
Stealth        | |  1.2
Evocations     | |  1.3

Action                   |  1- 3 |  4- 6 || total
-------------------------+-------+-------++-------
Melee: Falchion          |   147 |   121 ||   268
       Bite              |     4 |     8 ||    12
  Use: Potion            |     1 |     5 ||     6
       Scroll            |       |    10 ||    10
  Eat: Chunk             |       |     2 ||     2
Armor: Scale mail        |   114 |   108 ||   222
Dodge: Dodged            |    89 |    77 ||   166
       Rpst.: Falchion   |    33 |    29 ||    62
